 Seeded DCSS version 0.29-a0-371-g91724d5b39 (webtiles) character file.

Game seed: 3853640191977401903 (custom seed)

100 zeratav the Insei (level 4, 28/28 HPs)
             Began as an Octopode Transmuter on May 2, 2022.
             Was an Initiate of Gozag.
             Quit the game on level 3 of the Dungeon on May 3, 2022.
             The game lasted 00:04:54 (3535 turns).

zeratav the Insei (Octopode Transmuter)             Turns: 3535, Time: 00:04:54

Health: 28/28      AC:  5    Str:  9    XL:     4   Next: 74%
Magic:  7/7        EV: 13    Int: 17    God:    Gozag
Gold:   1039       SH:  0    Dex: 12    Spells: 6/7 levels left

rFire   . . .      SeeInvis .     - Unarmed
rCold   . . .      Faith    .   (no shield)
rNeg    . . .      Spirit   .   (helmet restricted)
rPois   .          Reflect  .   (no amulet)
rElec   .          Harm     .   f - +4 ring of protection
rCorr   .          Rampage  .   (no ring)
Will    .....                   (no ring)
Stlth   ++........              (no ring)
HPRegen 0.09/turn               (no ring)
MPRegen 0.10/turn               (no ring)
                                (no ring)
                                (no ring)

@: no status effects
A: almost no armour, amphibious, 8 rings, camouflage 1, gelatinous body 1,
(nimble swimmer 1), tentacles
a: Renounce Religion, Potion Petition, Call Merchant, Bribe Branch


You were on level 3 of the Dungeon.
You worshipped Gozag.
Gozag was most pleased with you.
You visited 1 branch of the dungeon, and saw 3 of its levels.

You collected 2734 gold pieces.
You spent 12 gold pieces at shops.
You paid 1683 gold pieces to Gozag.


Innate Abilities, Weirdness & Mutations

You cannot wear most types of armour.
You are amphibious.
You can wear up to eight rings at the same time.
Your skin changes colour to match your surroundings (Stealth+).
Your rubbery body absorbs attacks. (AC +1, EV +1)
((You are camouflaged when in or above water. (Stealth+)))
You have tentacles for arms and can constrict up to eight enemies at once.


   Skills:
 - Level 1.0 Fighting
 - Level 2.0 Dodging
 + Level 5.3 Unarmed Combat
 - Level 2.0 Spellcasting
 - Level 2.0 Transmutations


You had 6 spell levels left.
You knew the following spells:

 Your Spells              Type           Power      Damage    Failure   Level
a - Beastly Appendage     Tmut           16%        N/A       9%          1

Your spell library contained the following spells:

 Spells                   Type           Power      Damage    Failure   Level
 Wereblood                Tmut           8%         N/A       13%         2
 Sublimation of Blood     Necr           1%         N/A       28%         2
 Spider Form              Tmut/Pois      5%         N/A       36%         3
 Gell's Gravitas          Tloc           1%         N/A       50%         3
 Lesser Beckoning         Tloc           1%         N/A       50%         3
 Portal Projectile        Hex/Tloc       2%         N/A       50%         3
 Teleport Other           Tloc           1%         N/A       50%         3
 Ice Form                 Ice/Tmut       5%         N/A       77%         4
 Blade Hands              Tmut           4%         N/A       93%         5
 Excruciating Wounds      Necr           0%         N/A       99%         5
 Summon Hydra             Summ           0%         N/A       100%        7

Inventory:

Jewellery
 f - a +4 ring of protection (left tentacle)
   (You found it on level 2 of the Dungeon)
 k - an amulet of magic regeneration {@e2}
   (You found it on level 3 of the Dungeon)
Scrolls
 b - a scroll of magic mapping {unknown}
 c - 3 scrolls of immolation {!r!r}
 d - 4 scrolls of identify {unknown}
 e - 4 scrolls of teleportation {unknown}
 i - a scroll of amnesia {unknown}
 j - a scroll of fog {unknown}
Potions
 a - a potion of lignification {!q}
 g - a potion of invisibility {unknown}

Dungeon Overview and Level Annotations

Branches:
Dungeon (3/15)

Altars:
Gozag

Shops:
D:1 (([!   D:2 =:!

Annotations:
D:3 3 runed translucent doors, HuGe's ghost, weakling MiBe

#.# #.#
#.#####################
#......................
######################.
#................<#.
#.#####.......#####.
#........####.# #.
#..@.##### #.#####.
##.#.# #....... #.#.#
######## #.#.# #...#
#.#.# #####


There were no monsters in sight!


Message History

There are monsters nearby!
Found a stone staircase leading up.
The orc shouts!
You barely miss the orc. Your grab misses the orc. Your squeeze misses the orc.
The orc closely misses you.
You tentacle-slap the orc but do no damage.
You grab the orc.
You tentacle-slap the orc, but do no damage.
You squeeze the orc!
You kill the orc!
You barely miss the worm. Your grab misses the worm. You squeeze the worm!
The worm barely misses you.
You tentacle-slap the worm. You grab the worm. You constrict the worm.
You tentacle-slap the worm. You squeeze the worm.
You kill the worm!
No target in view!
No target in view!
No target in view!
No target in view!
No target in view!
No target in view!
No target in view!
No target in view!
No target in view!
No target in view!
No target in view!
No target in view!
No target in view!
No target in view!
No target in view!
No target in view!
No target in view!
No target in view!
You now have 390 gold pieces (gained 3).
You now have 394 gold pieces (gained 4).
Things that are here:
a +0 club {mace}; a +0 leather armour You now have enough gold to petition Gozag for potion effects.
You now have 407 gold pieces (gained 13).
The kobold shouts! x2; You hear a shout! x2; The kobold brigand shouts!
You hear a shout! x2
You hear a shout!
A hobgoblin comes into view.
A hobgoblin is nearby!
A hobgoblin is nearby!
The helpless hobgoblin fails to defend itself.
You tentacle-slap the hobgoblin but do no damage.
You grab the hobgoblin. You squeeze the hobgoblin.
You kill the hobgoblin!
No target in view!
No target in view!
No target in view!
No target in view!
No target in view!
No target in view!
No target in view!
No target in view!
No target in view!
No target in view!
No target in view!
No target in view!
No target in view!
No target in view!
No target in view!
No target in view!
No target in view!
You now have 413 gold pieces (gained 6).
You open the door.
There is an open door here.
Key pressed, stopping explore.
HuGe's ghost turns its malevolent gaze towards you.
You hear a shout! x4
You hear a shout! x2
The kobold shouts! x2
The kobold brigand shouts!
HuGe's ghost says, "My insurmountable tactics guarantee your defeat."
Key pressed, stopping explore.
You now have 421 gold pieces (gained 8).
Key pressed, stopping explore.
Found a faded altar of an unknown god.
Found a stone staircase leading down.
c - 3 scrolls of immolation {!r!r} (gained 1)
There is a faded altar of an unknown god here.
You open the door.
There is an open door here.
Key pressed, stopping explore.
You pick up a book of Displacement and begin reading...
You add the spells Lesser Beckoning, Gell's Gravitas and Teleport Other to your library.
Done exploring.
Done exploring.
Done exploring.
Done exploring.
Something appears before you!
You now have enough gold to buy a +4 ring of protection on D:2, buy the ring "Wuinib" {rN+ Int+3 Stlth+} on D:2, buy the ring of Balance {+Blink rN++ MP+9 Str-4 Dex+4} on D:2, or buy a +6 ring of strength on D:2.
You can access your shopping list by pressing '$'.
You now have 1039 gold pieces (gained 618).
(D) Dungeon
Where to? (Enter - D:3, ? - help)
Okay, then.
Are you sure you want to abandon this character and quit the game? (Confirm with "yes".)

Skill      XL: |  1  2  3  4 |
---------------+-------------+-----
Unarmed Combat | 4 5 |  5.3
Fighting       | |  1.0
Dodging        | |  2.0
Spellcasting   | |  2.0
Transmutations | |  2.0

Action                   |  1- 3 |  4- 6 || total
-------------------------+-------+-------++-------
Melee: Unarmed           |    67 |    49 ||   116
       Constrict         |    18 |    13 ||    31
       Tentacles         |     9 |     8 ||    17
       Punch             |     2 |     3 ||     5
Invok: Call Merchant     |     2 |       ||     2
  Use: Scroll            |     2 |     1 ||     3
 Stab: Sleeping          |     7 |     4 ||    11
Armor: Skin              |    12 |    12 ||    24
Dodge: Dodged            |    40 |    17 ||    57

Levels and vault maps discovered:
D:1:      kilobyte_arrival_exit_the_forest, layout_loops_ring, serial_shops,
          nicolae_shop_statue_plus, shop, nicolae_shop_advertising_works
          [nicolae_subvault_shop_adworks], shop_fountains, nrook_mini_vaults
D:2:      layout_basic, serial_shops, shop, basic_altar,
          nicolae_concentric_dashed_squares_wild
D:3:      layout_basic, hellmonk_ecumenical_altar_blasted,
          gammafunk_ghost_nasty_kobolds, kennysheep_crisscross, chequers_jeans

Notes
Turn   | Place    | Note
-------+----------+-------------------------------------------
     0 | D:1      | zeratav the Octopode Transmuter began the quest for the
                  | Orb.
     0 | D:1      | Reached XP level 1. HP: 13/13 MP: 3/3
     0 | D:1      | magus.rc [v1.9.6]
   210 | D:1      | Found Xutira's Antique Weapon Boutique.
   243 | D:1      | Found Taxaret's Armour Shoppe.
   372 | D:1      | You pick up a book of Blood and begin reading...
   372 | D:1      | You add the spells Sublimation of Blood and Summon Hydra to
                  | your library.
   389 | D:1      | Found Fonyeneyf's Antique Weapon Boutique.
   395 | D:1      | Reached XP level 2. HP: 18/18 MP: 5/5
   508 | D:1      | Found Hunookki's Distillery.
   821 | D:1      | Identified 2 scrolls of acquirement
   821 | D:1      | Acquired 1143 gold pieces
   848 | D:2      | Reached skill level 4 in Unarmed Combat
   857 | D:2      | Reached XP level 3. HP: 20/23 MP: 6/6
   926 | D:2      | Found Xeott's Distillery.
   977 | D:2      | Bought a potion of degeneration for 12 gold pieces
  1445 | D:2      | Found an opulent altar of Gozag.
  1459 | D:2      | Became a worshipper of Gozag Ym Sagoz the Greedy
  1460 | D:2      | Acquired 635 gold pieces
  1976 | D:2      | Reached XP level 4. HP: 28/28 MP: 7/7
  2713 | D:3      | Reached skill level 5 in Unarmed Combat
  2980 | D:3      | You pick up a book of Weapons and begin reading...
  2980 | D:3      | You add the spells Portal Projectile, Excruciating Wounds
                  | and Blade Hands to your library.
  3060 | D:3      | Found a runed translucent gate.
  3061 | D:3      | Found a runed translucent gate.
  3061 | D:3      | Noticed a kobold brigand
  3062 | D:3      | Found a runed translucent gate.
  3242 | D:3      | Noticed HuGe's ghost (weakling MiBe)
  3343 | D:3      | Found a faded altar of an unknown god.
  3529 | D:3      | You pick up a book of Displacement and begin reading...
  3529 | D:3      | You add the spells Lesser Beckoning, Gell's Gravitas and
                  | Teleport Other to your library.
  3533 | D:3      | Acquired 618 gold pieces
  3535 | D:3      | Quit the game

Vanquished Creatures
  4 adders
  2 worms (D:3)
  2 dart slugs (D:2)
  An orc (D:3)
  10 ball pythons
  3 giant cockroaches
  6 goblins
  2 hobgoblins
  6 kobolds
  5 quokkas
  3 bats (D:2)
  2 frilled lizards
  5 rats
51 creatures vanquished.

Vanquished Creatures (others)
  3 fungi (D:3)
  A plant (D:3)
4 creatures vanquished.

Grand Total: 55 creatures vanquished

Table legend:
 A = Non-vault XP
 B = Vault XP
 C = Vault XP percentage of total XP
 D = Non-vault monster count
 E = Vault monster count
 F = Vault count percentage of total count
                 A         B        C        D         E       F
            +---------+---------+-------+---------+---------+-------
      Total |     144 |       0 |   0.0 |      51 |       0 |   0.0
            +---------+---------+-------+---------+---------+-------
        D:1 |      16 |       0 |   0.0 |      10 |       0 |   0.0
        D:2 |      67 |       0 |   0.0 |      23 |       0 |   0.0
        D:3 |      61 |       0 |   0.0 |      18 |       0 |   0.0
            +---------+---------+-------+---------+---------+-------

Illustrated notes

Table legend:
 A = Kills in this place as a percentage of kills in entire the game.
 B = Kills by you in this place as a percentage of kills by you in the entire game.
 C = Kills by friends in this place as a percentage of kills by friends in the entire game.
 D = Other kills in this place as a percentage of other kills in the entire game.
 E = Experience gained in this place as a percentage of experience gained in the entire game.
 F = Experience gained in this place divided by the number of levels of this place that you have seen.
                   A       B       C       D       E      F
               +-------+-------+-------+-------+-------+----------------------
         Total | 100.0 | 100.0 |   N/A |   N/A | 100.0 |  48.0
       Dungeon | 100.0 | 100.0 |   N/A |   N/A | 100.0 |  48.0
               +-------+-------+-------+-------+-------+----------------------

Table legend: (Time is in decaauts)
 A = Elapsed time spent in this place.
 B = Non-inter-level travel time spent in this place.
 C = Inter-level travel time spent in this place.
 D = Time resting spent in this place.
 E = Time spent auto-exploring this place.
 F = Levels seen in this place.
 G = Mean time per level.
                   A        B        C        D        E       F      G
               +--------+--------+--------+--------+--------+-----+--------+
         Total |   3524 |   3469 |     55 |    204 |   2902 |   3 | 1174.7 |
       Dungeon |   3524 |   3469 |     55 |    204 |   2902 |   3 | 1174.7 |
               +--------+--------+--------+--------+--------+-----+--------+

Top non-repeatable levels by time:
     D:2: 1354 daAuts
     D:3: 1330 daAuts
     D:1: 840 daAuts
